 Dungeon Crawl Stone Soup version 0.26.0-18-gc5c842f807 (webtiles) character file.

Game seed: 4459250250413527404

65 kaeus the Firebug (level 4, -3/24 HPs)
             Began as a Gargoyle Fire Elementalist on Jan 22, 2021.
             Killed from afar by Sigmund (6 damage)
             ... with a puff of flame
             ... on level 2 of the Dungeon.
             The game lasted 00:02:07 (2363 turns).

kaeus the Firebug (Gargoyle Fire Elementalist)      Turns: 2363, Time: 00:02:08

Health: -3/24      AC:  8    Str: 12    XL:     4   Next: 13%
Magic:  3/7        EV: 10    Int: 16    God:
Gold:   127        SH:  0    Dex: 10    Spells: 7/8 levels left

rFire    . . .     SeeInvis .   b - +0 short sword
rCold    . . .     Faith    .   (no shield)
rNeg     + . .     Spirit   .   c - +0 ring mail
rPois    ∞         Reflect  .   (no helmet)
rElec    +         Harm     .   (no cloak)
rCorr    .         Rampage  .   (no gloves)
Will     .....                  (no boots)
Stlth    +.........             (no amulet)
HPRegen  0.08/turn              (no ring)
MPRegen  0.10/turn              (no ring)

@: no status effects
A: negative energy resistance 1, electricity resistance, unbreathing,
petrification resistance, miasma immunity, AC +3
a: no special abilities


You were on level 2 of the Dungeon.
You visited 1 branch of the dungeon, and saw 2 of its levels.

You collected 127 gold pieces.

Inventory:

Hand Weapons
 b - a +0 short sword (weapon)
Armour
 c - a +0 ring mail (worn)
Jewellery
 h - an uncursed amulet of magic regeneration {unknown}
Wands
 k - a wand of random effects (17)
Scrolls
 d - 2 scrolls of remove curse {unknown}
 e - 3 scrolls of teleportation {unknown}
 j - a scroll of enchant weapon {unknown}
Potions
 a - 2 potions of flight {unknown}
 f - a potion of curing {unknown}
 g - 2 potions of brilliance {unknown}
 i - a potion of attraction {unknown}


   Skills:
 + Level 1.6 Armour
 - Level 1.5 Dodging
 - Level 2.1 Stealth
 + Level 2.6 Spellcasting
 + Level 2.3 Conjurations
 + Level 3.5 Fire Magic


You had 7 spell levels left.
You knew the following spells:

 Your Spells              Type           Power        Failure   Level
a - Foxfire               Conj/Fire      44%          13%         1

Your spell library contained the following spells:

 Spells                   Type           Power        Failure   Level
 Conjure Flame            Conj/Fire      11%          36%         3
 Inner Flame              Hex/Fire       7%           52%         3
 Sticky Flame             Conj/Fire      11%          77%         4
 Fireball                 Conj/Fire      5%           98%         5


Dungeon Overview and Level Annotations

Branches:
Dungeon (2/15)

Altars:

Annotations:
D:2 Sigmund


Innate Abilities, Weirdness & Mutations

You are resistant to torment.
Your stone body is resilient. (AC +3)
You are immune to poison.
You resist negative energy. (rN+)
You are resistant to electric shocks. (rElec)
You can survive without breathing.
You are immune to petrification.
You are immune to miasma.


Message History

You take 2 damage, and have 17/24 hp.
You now have 2/7 mp.
Sigmund gestures at you while chanting. The puff of flame hits you.
There is an open door here.
You see here a bat corpse.
You take 5 damage, and have 12/24 hp.
MASSIVE DAMAGE!!
You closely miss Sigmund.
Sigmund zaps a wand.
The puff of flame misses you.
Sigmund is nearby!
You are too injured to fight recklessly!
You hit Sigmund but do no damage. Sigmund casts a spell at you.
The magic dart hits you.
Sigmund zaps a wand.
The puff of flame hits you!
* * * LOW HITPOINT WARNING * * *
Your magical contamination has completely faded away.
You take 9 damage, and have 3/24 hp.
MASSIVE DAMAGE!!
You hit Sigmund.
Sigmund is lightly wounded.
Sigmund casts a spell at you. The puff of flame hits you.
You die...

.....[.).......###)###.#
...##.#.##...†....## ##.
#....##...##...###.#
#####.....######.##.#..#
.........## #.##..#.#
#######.## #.#...#.# #.#
#.##.##.# #.# #.##.##.#
#@# #.......# #.@.#
####.#### #.....# ###.#
#.......# ##.#.#
#.........####....####
+.........+...........
#.........####...#####
##.......## #..## #.##


You could see Sigmund.

Vanquished Creatures
  Jessica (D:2)
  A worm (D:2)
  2 leopard geckos
  9 bats
  A giant cockroach (D:1)
  A goblin (D:1)
  5 hobgoblins
  3 jackals (D:1)
  4 frilled lizards
  4 kobolds (D:1)
  2 rats (D:1)
33 creatures vanquished.

Vanquished Creatures (others)
  77 foxfires
77 creatures vanquished.

Grand Total: 110 creatures vanquished

Notes
Turn   | Place    | Note
-------+----------+-------------------------------------------
     0 | D:1      | kaeus the Gargoyle Fire Elementalist began the quest for
                  | the Orb.
     0 | D:1      | Reached XP level 1. HP: 10/10 MP: 3/3
   359 | D:1      | Reached XP level 2. HP: 15/15 MP: 0/5
  1236 | D:1      | Reached skill level 1 in Armour
  1546 | D:2      | Reached XP level 3. HP: 8/19 MP: 6/6
  1980 | D:2      | Noticed Jessica
  1985 | D:2      | Killed Jessica
  1986 | D:2      | Reached XP level 4. HP: 24/24 MP: 1/7
  2353 | D:2      | Noticed Sigmund
  2363 | D:2      | Killed from afar by Sigmund

Illustrated notes

Levels and vault maps discovered:
D:1:      shiori_arrival_maze, layout_basic
D:2:      layout_loops_corners, grunt_decor_junction, uniq_sigmund, uniq_jessica

Skill      XL: |  1  2  3 |
---------------+----------+-----
Armour         | 1 |  1.6
Conjurations   | 2 |  2.3
Dodging        | |  1.5
Stealth        | |  2.1
Spellcasting   | |  2.6
Fire Magic     | |  3.5

Action                   |  1- 3 |  4- 6 || total
-------------------------+-------+-------++-------
Melee: Unarmed           |     7 |       ||     7
       Short sword       |    44 |     4 ||    48
 Cast: Foxfire           |    47 |    14 ||    61
Armor: Ring mail         |    20 |     1 ||    21
       Robe              |     1 |       ||     1
Dodge: Dodged            |    28 |     3 ||    31
